 Dungeon Crawl Stone Soup version 0.20-a0-1126-g0f15420 (webtiles) character file.

4559 JiminyMac the Cleaver (level 10, 0/92 HPs)
             Began as a Minotaur Berserker on May 17, 2017.
             Was a High Priest of Trog.
             Slain by a yak (5 damage)
             ... summoned by a boggart
             ... on level 9 of the Dungeon.
             The game lasted 00:19:06 (6809 turns).

JiminyMac the Cleaver (Minotaur Berserker)          Turns: 6809, Time: 00:19:07

Health: 0/92       AC: 21    Str: 25    XL:     10   Next: 18%
Magic:  9/9        EV:  8    Int:  4    God:    Trog [*****.]
Gold:   426        SH:  0    Dex: 10    Spells: 9/9 levels left

rFire    . . .     SeeInvis .   G - +0 executioner's axe
rCold    . . .     Gourm    +   (shield currently unavailable)
rNeg     + . .     Faith    .   y - +1 plate armour {rN+}
rPois    .         Spirit   .   e - +1 hat
rElec    .         Reflect  .   (no cloak)
rCorr    .         Harm     .   n - +1 pair of gloves
MR       .....                  (no boots)
Stlth    ..........             k - amulet of the gourmand
Regen    0.3/turn               m - +3 ring of protection
MPRegen  0.2/turn               (no ring)

@: slowed, very slow
A: retaliatory headbutt, horns 2
a: Berserk, Trog's Hand, Brothers in Arms, Burn Spellbooks, Renounce Religion


You were on level 9 of the Dungeon.
You worshipped Trog.
Trog was extremely pleased with you.
You were very full.

You visited 1 branch of the dungeon, and saw 9 of its levels.
You also visited: Ossuary.

You collected 426 gold pieces.

Inventory:

Hand Weapons
 E - the cursed +3 whip of Dithmenos's Hope {antimagic, rF++ Dex+4}
   (You found it on level 7 of the Dungeon)

   It reduces the magical energy of the wielder, and disrupts the spells and
   magical abilities of those hit.
   Natural abilities and divine invocations are not affected.
   It affects your dexterity (+4).
   It greatly protects you from fire.
   It has a curse placed upon it.
 G - a +0 executioner's axe (weapon)
 H - a cursed +0 battleaxe
Armour
 e - a +1 hat (worn)
 n - a +1 pair of gloves (worn)
 y - a +1 plate armour of positive energy (worn)
Jewellery
 k - an amulet of the gourmand (around neck)
 m - a +3 ring of protection (left hand)
Wands
 w - a wand of polymorph (12/24)
Scrolls
 g - a scroll of magic mapping {unknown}
 h - 3 scrolls of immolation
 o - a scroll of identify
 q - a scroll of fear {unknown}
 s - 4 scrolls of remove curse {unknown}
 x - 4 scrolls of teleportation {unknown}
 B - a scroll of acquirement {unknown}
 F - a scroll of summoning {unknown}
Potions
 d - 2 potions of curing {unknown}
 f - a potion of might {unknown}
 i - 2 potions of heal wounds {unknown}
 j - 2 potions of cancellation {unknown}
 l - a potion of lignification {unknown}
 p - a potion of ambrosia {unknown}
 t - a potion of magic {unknown}
 u - 3 potions of brilliance {unknown}
 z - 3 potions of mutation {unknown}
 A - a potion of experience {unknown}
Books
 a - a Young Poisoner's Handbook

   Spells                             Type                      Level
   a - Sting                          Conjuration/Poison           1
   b - Poisonous Vapours              Poison/Air                   2
   c - Mephitic Cloud                 Conjuration/Poison/Air       3
   d - Olgreb's Toxic Radiance        Poison                       4
   e - Venom Bolt                     Conjuration/Poison           5
   Trog disapproves of the use of such an item.
 C - a book of Maledictions

   Spells                             Type                      Level
   a - Corona                         Hexes                        1
   b - Ensorcelled Hibernation        Hexes/Ice                    2
   c - Confuse                        Hexes                        3
   d - Tukima's Dance                 Hexes                        3
   e - Dazzling Spray                 Conjuration/Hexes            3
   Trog disapproves of the use of such an item.
 D - a book of Conjurations

   Spells                             Type                      Level
   a - Magic Dart                     Conjuration                  1
   b - Searing Ray                    Conjuration                  2
   c - Dazzling Spray                 Conjuration/Hexes            3
   d - Fulminant Prism                Conjuration/Hexes            4
   e - Force Lance                    Conjuration/Translocation    4
   f - Iskenderun's Mystic Blast      Conjuration                  4
   Trog disapproves of the use of such an item.
Comestibles
 b - 3 meat rations
 c - 8 bread rations
 r - a royal jelly
 v - 10 fruits


   Skills:
 + Level 9.7 Fighting
 * Level 12.7 Axes
 + Level 9.2 Armour
 - Level 2.1 Dodging


You had 9 spell levels left.
You didn't know any spells.

Dungeon Overview and Level Annotations

Branches:
Dungeon (9/15)             Temple (0/1) D:4
   Lair: D:8-11         Orc: D:9-12

Altars:
Ashenzari
Dithmenos
Elyvilon
Makhleb
Nemelex Xobeh
Okawaru
Qazlal
Ru
Uskayaw
Xom
Yredelemnul

Shops:
D:7 }


Innate Abilities, Weirdness & Mutations

You reflexively headbutt those who attack you in melee.
You have a pair of horns on your head.


Message History

You slice the ettin!! You headbutt the ettin!
The ettin is heavily wounded.
You hit the yak. The yak closely misses you.
The ettin hits you with a great mace! The ettin hits you with a dire flail.
The deep elf mage casts a spell.
The deep elf mage blinks!
The yak gores you but does no damage. The ettin completely misses you.
The ettin hits you with a dire flail.
* * * LOW HITPOINT WARNING * * *
An ogre mage comes into view. It is wielding a spear.
You slice the ettin!!
You headbutt the ettin, but do no damage.
The ettin is almost dead.
You slash the yak!
The boggart mumbles some strange words.
The boggart flickers and vanishes!
The yak gores you!
* * * LOW HITPOINT WARNING * * *
The yak barely misses you. The ettin hits you with a great mace!
* * * LOW HITPOINT WARNING * * *
The ettin completely misses you. The yak gores you.
You die... #. ##8.. ### ##8.... #.. ###8SZ.T8# #W###8Ty{5≈... #YY@CHDapO.§8.

#.###8c{Yh≈...
#...###8Ze..8#
##....###8....
#.##...###8..
#.####...###. #.#
####...###
#............###
#######........###


You could see a death knight, a yaktaur captain, a five-headed hydra, an ettin,
an ogre mage, a deep troll, a manticore, a deep elf mage, 3 yaks, a queen bee
shaped shifter, a hound, a worker ant, Bunnehwyld's ghost (wandering), an adder,
a shadow imp, a worker ant zombie and an adder skeleton (wandering).

Vanquished Creatures
  A centaur warrior (D:9)
  The ghost of NervFog the Slasher, a novice OpMo of Qazlal (Ossuary)
  2 hippogriffs (D:7)
  A spriggan (D:8)
  An orc warrior (D:6)
  2 ice beasts (D:7)
  5 ogres
  6 centaurs
  A crocodile (D:7)
  An elf zombie (Ossuary)
  3 bullfrogs
  A water moccasin skeleton (D:8)
  3 scorpions
  3 wights (D:8)
  A howler monkey (D:7)
  2 bullfrog zombies
  5 crimson imps
  A human zombie (Ossuary)
  A jelly (D:7)
  3 orc priests
  A centaur skeleton (D:6)
  A hound (D:5)
  5 orc wizards
  2 bullfrog skeletons
  Jessica (D:2)
  8 worker ants
  3 big kobold zombies (Ossuary)
  3 hound skeletons
  A howler monkey zombie (D:6)
  2 mummies (Ossuary)
  A howler monkey skeleton (D:4)
  6 gnolls
  7 adders
  An ooze (D:3)
  2 adder zombies (Ossuary)
  7 leopard geckos
  28 orcs
  7 giant cockroaches
  2 goblins
  5 hobgoblins
  9 jackals
  7 kobolds
  4 quokkas
  3 ball pythons
  4 bats
  4 frilled lizards
  11 hobgoblin zombies (Ossuary)
  2 jackal zombies
  8 kobold zombies (Ossuary)
  8 orc zombies (Ossuary)
  7 rats
  A rat zombie (Ossuary)
205 creatures vanquished.

Notes
Turn   | Place    | Note
-------+----------+-------------------------------------------
     0 | D:1      | JiminyMac the Minotaur Berserker began the quest for the Orb.
     0 | D:1      | Reached XP level 1. HP: 19/19 MP: 0/0
   314 | D:1      | Reached XP level 2. HP: 25/27 MP: 1/1
   324 | D:1      | Reached skill level 4 in Axes
   717 | D:2      | Noticed Jessica
   724 | D:2      | Killed Jessica
   724 | D:2      | Reached XP level 3. HP: 31/33 MP: 2/2
  1104 | D:3      | Found a white marble altar of Elyvilon.
  1221 | D:3      | Reached skill level 5 in Axes
  1224 | D:3      | Reached XP level 4. HP: 40/40 MP: 3/3
  1252 | D:3      | Reached ** piety under Trog
  1659 | D:3      | Found an iron altar of Okawaru.
  1907 | D:3      | Found a faded altar of an unknown god.
  2031 | D:4      | Noticed an ogre
  2039 | D:4      | Killed an ogre
  2039 | D:4      | Reached XP level 5. HP: 47/47 MP: 4/4
  2045 | D:4      | Reached skill level 5 in Fighting
  2045 | D:4      | Reached skill level 6 in Axes
  2083 | D:4      | Found a hide-covered altar of Uskayaw.
  2145 | D:4      | Reached XP level 6. HP: 50/56 MP: 5/5
  2381 | D:4      | Found a staircase to the Ecumenical Temple.
  2630 | D:5      | Entered Level 5 of the Dungeon
  2648 | D:5      | Reached skill level 7 in Axes
  2821 | D:5      | Reached skill level 5 in Armour
  2821 | D:5      | Reached XP level 7. HP: 62/62 MP: 6/6
  3168 | D:5      | Reached *** piety under Trog
  3170 | D:5      | Reached skill level 8 in Axes
  3656 | D:6      | Reached XP level 8. HP: 71/71 MP: 7/7
  4102 | D:6      | Found a shattered altar of Ashenzari.
  4105 | D:6      | Reached skill level 9 in Axes
  4128 | D:6      | Found a sacrificial altar of Ru.
  4547 | D:6      | Found a sparkling altar of Nemelex Xobeh.
  4783 | D:7      | Reached **** piety under Trog
  4783 | D:7      | Reached skill level 10 in Axes
  4790 | D:7      | Found a sand-covered staircase.
  4801 | Ossuary  | Entered an ossuary
  4803 | Ossuary  | Noticed NervFog's ghost (novice OpMo)
  4811 | Ossuary  | Killed NervFog's ghost
  5090 | Ossuary  | Reached XP level 9. HP: 81/81 MP: 8/8
  5233 | D:7      | Found a shimmering altar of Xom.
  5246 | D:7      | Reached skill level 11 in Axes
  5384 | D:7      | Found Nougiub's Gadget Emporium.
  5600 | D:7      | Found a stormy altar of Qazlal.
  5655 | D:7      | Reached ***** piety under Trog
  5774 | D:7      | Got an iridescent whip
  5775 | D:7      | Identified the cursed +3 whip of Dithmenos's Hope {antimagic, rF++ Dex+4} (You found it on level 7 of the Dungeon)
  6090 | D:8      | Found a basalt altar of Yredelemnul.
  6090 | D:8      | Found a shadowy altar of Dithmenos.
  6104 | D:8      | Reached skill level 12 in Axes
  6643 | D:8      | Reached XP level 10. HP: 88/91 MP: 9/9
  6787 | D:9      | Found a burning altar of Makhleb.
  6793 | D:9      | Noticed an ettin
  6793 | D:9      | Noticed a centaur warrior
  6800 | D:9      | Noticed a five-headed hydra
  6801 | D:9      | Noticed a manticore
  6802 | D:9      | Noticed a yaktaur captain
  6802 | D:9      | Noticed a deep elf mage
  6803 | D:9      | Noticed a deep troll
  6807 | D:9      | Noticed a death knight
  6807 | D:9      | Killed a centaur warrior
  6809 | D:9      | Noticed an ogre mage
  6809 | D:9      | Slain by a yak

Vault maps used:
D:1:      dpeg_arrival_windows_large_door
D:2:      serial_curves, eino_curves_01, eino_curves_03, uniq_jessica
D:3:      elyvilon_altar_4, old_standard_altar,
          chequers_ecumenical_altar_island, minmay_surrounded
D:4:      kennysheep_little_box, minmay_temple_entry_hall, first_bread,
          minmay_statues_item, fountainhead
D:5:      corexii_item_surrounded_by_moat
D:6:      lemuel_round_altar, kennysheep_diamond, nemelex_diamond_rough_becter
D:7:      old_standard_altar, marbit_many_paths, serial_shops, shop,
          enter_ossuary_3, grunt_ministairs_1
D:8:      chequers_temple_overflow_statue_of_worship, the_bakery
D:9:      orc_0_dummy, minmay_the_grid_triangle_9x9_recursive_2_mashed
Ossuary:  ossuary_tomb_1

Skill      XL: |  1  2  3  4  5  6  7  8  9 |
---------------+----------------------------+-----
Axes           | 4 5 6 7 8 10 12 | 12.7
Fighting       | 4 5 6 7 9 |  9.7
Armour         | 3 4 5 7 9 |  9.2
Dodging        | |  2.1

Action                   |  1- 3 |  4- 6 |  7- 9 | 10-12 || total
-------------------------+-------+-------+-------+-------++-------
Melee: Hand axe          |    50 |    97 |   310 |       ||   457
       Headbutt          |     7 |    18 |    87 |     6 ||   118
       Executioner's axe |       |       |    37 |    11 ||    48
Invok: Berserk           |     3 |     3 |    12 |     1 ||    19
  Use: Scroll            |     4 |     1 |     3 |       ||     8
  Eat: Chunk             |    14 |     8 |    25 |       ||    47
Armor: Animal skin       |     7 |       |       |       ||     7
       Leather armour    |     1 |       |       |       ||     1
       Ring mail         |     6 |     3 |       |       ||     9
       Chain mail        |       |    41 |    47 |       ||    88
       Plate armour      |       |       |   127 |     8 ||   135
Dodge: Dodged            |    24 |    31 |   137 |    10 ||   202
